 Dungeon Crawl Stone Soup version 0.22-a0-86-g94e0ad4 (webtiles) character file.

35 KristoblXynda the Ruffian (level 3, -2/28 HPs)
             Began as a Draconian Transmuter on Jan 21, 2018.
             Killed by divine providence
             ... invoked by an orc priest
              (10 damage)
             ... on level 2 of the Dungeon.
             The game lasted 00:02:15 (1335 turns).

KristoblXynda the Ruffian (Draconian Transmuter)    Turns: 1335, Time: 00:02:16

Health: -2/28      AC:  5    Str: 15    XL:     3   Next: 16%
Magic:  6/6        EV: 12    Int: 13    God:
Gold:   35         SH:  0    Dex: 11    Spells: 5/6 levels left

rFire    . . .     SeeInvis .   d - -2 spear (curse)
rCold    + . .     Gourm    .   (no shield)
rNeg     . . .     Faith    .   (armour unavailable)
rPois    .         Spirit   .   (helmet restricted)
rElec    .         Reflect  .   (no cloak)
rCorr    .         Harm     .   (no gloves)
MR       .....                  (no boots)
Stlth    +.........             (no amulet)
HPRegen  0.00/turn              (no ring)
MPRegen  0.10/turn              (no ring)

@: no status effects
A: unfitting armour, cold resistance 1, inhibited regeneration, strong 1,
cold-blooded, AC +5
a: no special abilities


You were on level 2 of the Dungeon.
You were not hungry.

You visited 1 branch of the dungeon, and saw 2 of its levels.

You collected 35 gold pieces.

Inventory:

Hand Weapons
 d - a cursed -2 spear (weapon)
Missiles
 a - 36 arrows
Scrolls
 e - a scroll of teleportation
Potions
 f - a potion of ambrosia
 g - a potion of cancellation {unknown}
Books
 b - a book of Changes

   Spells                             Type                      Level
   a - Beastly Appendage              Transmutation                1
   b - Sticks to Snakes               Transmutation                2
   c - Spider Form                    Transmutation/Poison         3
   d - Ice Form                       Ice/Transmutation            4
   e - Blade Hands                    Transmutation                5
Comestibles
 c - 2 rations


   Skills:
 - Level 1.1 Fighting
 + Level 2.4 Dodging
 + Level 3.4 Unarmed Combat
 - Level 2.0 Spellcasting
 + Level 2.6 Transmutations


You had 5 spell levels left.
You knew the following spells:

 Your Spells              Type           Power        Failure   Level  Hunger
a - Beastly Appendage     Tmut           #.....       9%          1    ##.....


Dungeon Overview and Level Annotations

Branches:
Dungeon (2/15)

Altars:


Innate Abilities, Weirdness & Mutations

Your plain brown scales are hard. (AC +5)
You cannot fit into any form of body armour.
You are cold-blooded and may be slowed by cold attacks.
Your flesh is cold resistant. (rC+)
You do not regenerate when monsters are visible.
Your muscles are strong. (Str +2)


Message History

You hit the giant cockroach but do no damage.
You tail-slap the giant cockroach.
The giant cockroach is heavily wounded.
The giant cockroach bites you. The giant cockroach misses you.
You hit the giant cockroach but do no damage.
The giant cockroach is heavily wounded.
The orc priest calls down the wrath of Beogh upon you.
Beogh smites you!
Ouch! That really hurt!
* * * LOW HITPOINT WARNING * * *
The giant cockroach bites you but does no damage.
It was a potion of mutation.
You feel extremely strange.
You feel stronger.
Your regeneration stops near monsters.
You feel resistant to cold. The giant cockroach closely misses you.
Unknown command.
It was a potion of magic.
Magic courses through your body.
The orc priest calls down the wrath of Beogh upon you.
Beogh smites you!
You die...

....# ....####. .<.......
.....#### #+# #... .....#
#.# #..# ..#..#
#####.##### #..# ..##.#
#...'.'...# #.!# ..##.#
#.###.###.# #..# .....#
#.# #.# #@# #..#
.....###'###.###s###.#
.#...'..........So.'.#
..##.###+###.###'###o####
...#.# #.# #.# #.#
#....##### ...#.#
#.###.###.# #s........
.....# #...'.'...#
#o........ ...#.#
#####.##### #.........
.....# #.# #.........


You could see an orc priest, an adder and a giant cockroach.

Vanquished Creatures
  An adder (D:2)
  2 dart slugs (D:1)
  2 leopard geckos (D:1)
  3 bats (D:1)
  A giant cockroach (D:1)
  2 goblins (D:1)
  2 hobgoblins (D:1)
  2 frilled lizards
  3 kobolds (D:1)
  2 rats (D:1)
20 creatures vanquished.

Notes
Turn   | Place    | Note
-------+----------+-------------------------------------------
     0 | D:1      | KristoblXynda the Draconian Transmuter began the quest for the Orb.
     0 | D:1      | Reached XP level 1. HP: 16/16 MP: 3/3
   364 | D:1      | Reached XP level 2. HP: 13/23 MP: 5/5
  1185 | D:2      | Reached XP level 3. HP: 6/28 MP: 6/6
  1334 | D:2      | Gained mutation: Your muscles are strong. (Str +2) [potion of mutation]
  1334 | D:2      | Gained mutation: You do not regenerate when monsters are visible. [potion of mutation]
  1334 | D:2      | Gained mutation: Your flesh is cold resistant. (rC+) [potion of mutation]
  1335 | D:2      | Killed from afar by an orc priest

Vault maps used:
D:1:      dpeg_arrival_pits
D:2:      minmay_door_square, uniq_sigmund

Skill      XL: |  1 |
---------------+----+-----
Dodging        | 2 |  2.4
Fighting       | |  1.1
Unarmed Combat | |  3.4
Spellcasting   | |  2.0
Transmutations | |  2.6

Action                   || total
-------------------------++-------
Melee: Unarmed           ||    18
       Spear             ||    88
       Tailslap          ||    16
  Use: Scroll            ||     3
       Potion            ||     3
 Stab: Sleeping          ||     1
  Eat: Ration            ||     1
Armor: Skin              ||    36
Dodge: Dodged            ||    91

Table legend:
 A = Spawn XP
 B = Non-spawn XP
 C = Spawn XP percentage of total XP
 D = Spawn monster count
 E = Non-spawn monster count
 F = Spawn count percentage of total count
 G = Total turns spent on level
                    A         B        C        D         E        F      G
               +---------+---------+-------+---------+---------+-------+---------
         Total |       0 |      50 |   0.0 |       0 |      20 |   0.0 |  1335
               +---------+---------+-------+---------+---------+-------+---------
           D:1 |       0 |      36 |   0.0 |       0 |      18 |   0.0 |  1154
           D:2 |       0 |      14 |   0.0 |       0 |       2 |   0.0 |   181
               +---------+---------+-------+---------+---------+-------+---------
